1783 views
Uploaded 2023-06-24 22:57:00
Game version 1.36 (6115)
8:30 long 2on2 ladder game on (4)TwistedMeadows_S2_v1.1
Saved by Adventurer
1783 views
Uploaded 2023-06-24 22:57:00
Game version 1.36 (6115)
8:30 long 2on2 ladder game on (4)TwistedMeadows_S2_v1.1

33 units @ 4k
/ 0.3k
24 buildings @ 3.1k
/ 1.1k

| Healing Salve | 3 | 300 |
| Lesser Clarity Potion | 3 | 210 |
| Scroll of Speed | 2 | 100 |
| total: | 8 | 610g |
| Peon | 8 | 600 | / | 0 |
| Grunt | 4 | 800 | / | 0 |
| Raider | 2 | 360 | / | 80 |
| Shaman | 3 | 390 | / | 60 |
| total: | 17 | 2150g | / | 140w |
| Altar of Storms | 1 | 180 | / | 50 |
| Orc Burrow | 6 | 960 | / | 240 |
| Voodoo Lounge | 1 | 130 | / | 30 |
| Barracks | 1 | 180 | / | 50 |
| Beastiary | 1 | 145 | / | 140 |
| Spirit Lodge | 2 | 300 | / | 300 |
| Stronghold | 1 | 315 | / | 190 |
| total: | 12 | 1895g | / | 810w |
| 0:02 | Peon |
| 0:02 | Peon |
| 0:07 | Altar of Storms |
| 0:18 | Orc Burrow |
| 0:24 | Peon |
| 0:38 | Peon |
| 0:54 | Peon |
| 1:04 | Voodoo Lounge |
| 1:08 | Peon |
| 1:27 | Peon |
| 1:42 | Peon |
| 2:02 | Stronghold |
| 2:17 | Healing Salve |
| 2:17 | Lesser Clarity Potion |
| 2:17 | Scroll of Speed |
| 2:22 | Barracks |
| 2:26 | Feral Spirit |
| 3:04 | Orc Burrow |
| 3:16 | Orc Burrow |
| 3:47 | Grunt |
| 3:56 | Orc Burrow |
| 4:07 | Orc Burrow |
| 4:15 | Lesser Clarity Potion |
| 4:34 | Beastiary |
| 4:36 | Spirit Lodge |
| 5:05 | Grunt |
| 5:39 | Raider |
| 5:48 | Spirit Lodge |
| 6:05 | Healing Salve |
| 6:05 | Lesser Clarity Potion |
| 6:05 | Scroll of Speed |
| 6:10 | Ensnare |
| 6:20 | Orc Burrow |
| 7:11 | Grunt |
| 7:12 | Shaman |
| 7:18 | Raider |
| 7:19 | Shaman |
| 7:22 | Healing Salve |
| 7:36 | Shaman |
| 8:22 | Grunt |
| Right click | 590 |
| Select group | 327 |
| Select | 181 |
| Misc. action | 61 |
| Build/train/purchase | 54 |
| Chat | 39 |
| Assign group | 19 |
| Minimap ping | 18 |
| Use ability | 13 |
| Esc | 3 |


| Potion of Mana | 1 | 200 |
| Lesser Clarity Potion | 1 | 70 |
| total: | 2 | 270g |
| Peasant | 11 | 825 | / | 0 |
| Rifleman | 5 | 1025 | / | 150 |
| total: | 16 | 1850g | / | 150w |
| Scout Tower | 1 | 30 | / | 20 |
| Arcane Tower | 1 | 70 | / | 50 |
| Altar of Kings | 1 | 180 | / | 50 |
| Farm | 6 | 480 | / | 120 |
| Blacksmith | 1 | 140 | / | 60 |
| Barracks | 1 | 160 | / | 60 |
| Lumber Mill | 1 | 120 | / | 0 |
| Arcane Vault | 1 | 130 | / | 30 |
| Keep | 1 | 320 | / | 210 |
| total: | 12 | 1240g | / | 340w |
| 0:03 | Peasant |
| 0:07 | Altar of Kings |
| 0:19 | Farm |
| 0:21 | Peasant |
| 0:21 | Peasant |
| 0:21 | Peasant |
| 0:27 | Peasant |
| 0:33 | Peasant |
| 0:46 | Peasant |
| 0:53 | Peasant |
| 0:53 | Peasant |
| 1:06 | Scout Tower |
| 1:31 | Blacksmith |
| 1:38 | Barracks |
| 1:43 | Peasant |
| 1:43 | Peasant |
| 1:49 | Arcane Tower |
| 1:59 | Farm |
| 2:08 | Storm Bolt |
| 2:35 | Farm |
| 3:02 | Rifleman |
| 3:10 | Farm |
| 3:21 | Farm |
| 4:02 | Rifleman |
| 4:02 | Rifleman |
| 4:03 | Keep |
| 4:06 | Farm |
| 4:34 | Black Gunpowder |
| 4:55 | Lumber Mill |
| 5:28 | Potion of Mana |
| 5:28 | Lesser Clarity Potion |
| 5:47 | Rifleman |
| 5:54 | Studded Leather Armor |
| 5:57 | Rifleman |
| 6:50 | Thunder Clap |
| 6:57 | Refined Gunpowder |
| 6:58 | Long Rifles |
| 7:16 | Reinforced Leather Armor |
| 7:18 | Arcane Vault |
| 7:29 | Storm Bolt |
| 7:42 | Holy Light |
| Right click | 783 |
| Select | 279 |
| Select group | 183 |
| Misc. action | 66 |
| Assign group | 56 |
| Build/train/purchase | 39 |
| Use ability | 8 |
30 units @ 3.5k
/ 0.2k
17 buildings @ 2.8k
/ 0.9k


| Healing Salve | 3 | 300 |
| Scroll of Speed | 2 | 100 |
| Lesser Clarity Potion | 2 | 140 |
| Boots of Speed | 1 | 250 |
| total: | 8 | 790g |
| Peon | 8 | 600 | / | 0 |
| Troll Headhunter | 8 | 1120 | / | 160 |
| total: | 16 | 1720g | / | 160w |
| Altar of Storms | 1 | 180 | / | 50 |
| Orc Burrow | 5 | 800 | / | 200 |
| War Mill | 1 | 205 | / | 0 |
| Voodoo Lounge | 1 | 130 | / | 30 |
| Barracks | 1 | 180 | / | 50 |
| Spirit Lodge | 1 | 150 | / | 150 |
| Stronghold | 1 | 315 | / | 190 |
| Fortress | 1 | 325 | / | 190 |
| total: | 10 | 1645g | / | 480w |
| 0:02 | Peon |
| 0:02 | Peon |
| 0:04 | Altar of Storms |
| 0:14 | Orc Burrow |
| 0:16 | Peon |
| 0:25 | Peon |
| 0:45 | War Mill |
| 0:55 | Peon |
| 1:06 | Voodoo Lounge |
| 1:13 | Peon |
| 1:23 | Peon |
| 1:49 | Barracks |
| 1:56 | Peon |
| 2:08 | Feral Spirit |
| 2:09 | Healing Salve |
| 2:10 | Scroll of Speed |
| 2:13 | Lesser Clarity Potion |
| 2:39 | Stronghold |
| 2:59 | Troll Headhunter |
| 3:01 | Orc Burrow |
| 3:48 | Orc Burrow |
| 4:04 | Troll Headhunter |
| 4:14 | Boots of Speed |
| 4:31 | Troll Headhunter |
| 4:46 | Troll Headhunter |
| 5:36 | Fortress |
| 5:47 | Healing Salve |
| 5:55 | Reinforced Defenses |
| 6:12 | Lesser Clarity Potion |
| 6:12 | Scroll of Speed |
| 6:12 | Healing Salve |
| 6:24 | Hex |
| 6:25 | Troll Headhunter |
| 7:03 | Troll Headhunter |
| 7:18 | Orc Burrow |
| 7:19 | Troll Headhunter |
| 7:38 | Spirit Lodge |
| 7:49 | Chain Lighting |
| 7:51 | Troll Headhunter |
| 7:58 | Berserker Upgrade |
| 8:01 | Orc Burrow |
| 8:02 | Steel Armor |
| Right click | 554 |
| Select | 294 |
| Select group | 194 |
| Build/train/purchase | 56 |
| Misc. action | 26 |
| Assign group | 19 |
| Use ability | 11 |
| Item give/drop | 2 |
| Esc | 2 |


| Healing Salve | 4 | 400 |
| Scroll of Speed | 4 | 200 |
| Lesser Clarity Potion | 3 | 210 |
| Potion of Healing | 1 | 150 |
| Scroll of Town Portal | 1 | 350 |
| Potion of Lesser Invulnerability | 1 | 150 |
| total: | 14 | 1460g |
| Peon | 8 | 600 | / | 0 |
| Grunt | 5 | 1000 | / | 0 |
| Spirit Walker | 1 | 195 | / | 35 |
| total: | 14 | 1795g | / | 35w |
| Altar of Storms | 1 | 180 | / | 50 |
| Orc Burrow | 3 | 480 | / | 120 |
| Barracks | 1 | 180 | / | 50 |
| Voodoo Lounge | 1 | 130 | / | 30 |
| Tauren Totem | 1 | 135 | / | 155 |
| Stronghold | 1 | 315 | / | 190 |
| total: | 7 | 1105g | / | 405w |
| 0:03 | Peon |
| 0:06 | Altar of Storms |
| 0:14 | Peon |
| 0:21 | Orc Burrow |
| 0:28 | Peon |
| 0:34 | Peon |
| 0:50 | Barracks |
| 0:53 | Peon |
| 1:32 | Orc Burrow |
| 1:51 | Voodoo Lounge |
| 1:53 | Grunt |
| 2:08 | War Stomp |
| 2:11 | Grunt |
| 2:32 | Peon |
| 2:33 | Peon |
| 2:57 | Grunt |
| 3:03 | Healing Salve |
| 3:03 | Scroll of Speed |
| 3:03 | Lesser Clarity Potion |
| 3:40 | Peon |
| 3:56 | Stronghold |
| 4:17 | Endurance Aura |
| 4:33 | Orc Burrow |
| 4:36 | Healing Salve |
| 4:36 | Scroll of Speed |
| 4:36 | Lesser Clarity Potion |
| 4:48 | Grunt |
| 5:52 | Grunt |
| 6:23 | Cluster Rockets |
| 6:27 | Tauren Totem |
| 6:39 | War Stomp |
| 6:54 | Berserker Strength |
| 6:56 | Pillage |
| 6:58 | Healing Salve |
| 6:58 | Lesser Clarity Potion |
| 6:58 | Scroll of Speed |
| 7:07 | Healing Salve |
| 7:10 | Scroll of Speed |
| 7:13 | Potion of Healing |
| 7:26 | Scroll of Town Portal |
| 7:29 | Potion of Lesser Invulnerability |
| 8:00 | Spirit Walker |
| Right click | 600 |
| Select group | 514 |
| Select | 286 |
| Assign group | 76 |
| Build/train/purchase | 55 |
| Misc. action | 18 |
| Use ability | 13 |
| Item give/drop | 4 |